 Dungeon Crawl Stone Soup version 0.29.1-13-g9f3cf754e1 (webtiles) character file.

Game seed: 798357992678786292

13 PrincessofGymnastics the Sneak (level 2, 0/23 HPs)
             Began as a Djinni Brigand on Feb 3, 2023.
             Was an Initiate of Ashenzari.
             Slain by a jackal (3 damage)
             ... on level 1 of the Dungeon.
             The game lasted 00:01:57 (306 turns).

PrincessofGymnastics the Sneak (Djinni Brigand)      Turns: 306, Time: 00:01:58

Health: 0/23       AC:  4    Str: 10    XL:     2   Next: 50%
Gold:   21         EV: 12    Int: 12    God:    Ashenzari [......] SH:  0 Dex: 14

rFire   + + .      SeeInvis .   a - +2 dagger
rCold   x . .      Faith    .   (no shield)
rNeg    . . .      Spirit   .   b - +1 robe
rPois   ∞          Reflect  .   (no helmet)
rElec   .          Harm     .   c - +0 cloak of Panopticon {Range, Melee} (curse)
rCorr   .          Rampage  .   (no gloves)
Will    .....                   (boots unavailable)
Stlth   ++........              (no amulet)
HPRegen 0.07/turn               (no ring)
MPRegen 0.00/turn               (no ring)

@: flying
A: sickness immunity, fire resistance 2, cold vulnerability 1, float, innate
caster, HP casting, extra vitality 1
a: Renounce Religion, Shatter the Chains


You were on level 1 of the Dungeon.
You worshipped Ashenzari.
Ashenzari was noncommittal.
You visited 1 branch of the dungeon, and saw 1 of its levels.

You collected 21 gold pieces.

Inventory:

Hand Weapons
 a - a +2 dagger (weapon)
Missiles
 d - 8 poisoned darts (quivered)
 e - 3 curare-tipped darts
Armour
 b - a +1 robe (worn)
 c - the cursed +0 cloak of Panopticon (worn) {Range, Melee}

   It has a curse which improves the following skills: Ranged Combat: Ranged
   Weapons and Throwing.
   Melee Combat: Short Blades, Long Blades, Axes, Maces & Flails, Polearms,
   Staves and Unarmed Combat.


   Skills:
 * Level 2.0 Fighting
 * Level 1.7(2.1) Short Blades
 * Level 1.5(1.9) Throwing
 * Level 0.3 Armour
 * Level 1.1 Dodging
 * Level 3.6 Stealth
 * Level 0.2 Spellcasting


You had one spell level left.
You didn't know any spells.
Your spell library was empty.

Dungeon Overview and Level Annotations

Branches:
Dungeon (1/15)

Altars:
Ashenzari


Innate Abilities, Weirdness & Mutations

You are immune to sickness and miasma.
You are immune to poison.
Your flesh is very heat resistant. (rF++)
You are vulnerable to cold. (rC-)
You float through the air rather than walking.
You learn spells naturally, not from books.
Your magical power is your life essence.
You have superior vitality. (+4 MHP)


Message History

The jackal misses you. The jackal bites you. The jackal barely misses you.
You barely miss the jackal.
The jackal is severely wounded.
The jackal barely misses you. The jackal misses you.
The jackal bites you but does no damage.
You barely miss the jackal.
The jackal is severely wounded.
The jackal bites you but does no damage.
The jackal barely misses you.
You hit the jackal.
The jackal is almost dead.
The jackal bites you but does no damage.
The jackal barely misses you.
You hit the jackal but do no damage.
The jackal is almost dead.
The jackal bites you. x2
The jackal bites you but does no damage.
You hit the jackal.
You kill the jackal!
The jackal bites you.
The jackal bites you but does no damage.
The jackal closely misses you.
Things that are here:
a jackal corpse; a jackal corpse; a jackal corpse The jackal attacks as you move away!
The jackal bites you but does no damage.
The jackal misses you. The jackal bites you.
* * * LOW HITPOINT WARNING * * *
The jackal bites you but does no damage.
You aren't carrying any potions.
As you read the scroll labelled TUX LALEET, it crumbles to dust.
It is a scroll of enchant armour.
Your +0 robe glows green for a moment.
The jackal bites you.
* * * LOW HITPOINT WARNING * * *
The jackal attacks as you move away!
The jackal bites you but does no damage.
The jackal closely misses you. The jackal attacks as you move away!
The jackal bites you.
You die...

***********,,,,,,,,,,,,**,*,
*,,,,,,,,*#.#******,**,**,*,
*,******,*#.# *,**,**,*, *,*
*,*#.# *,**,,,,,, *,* *,*#.#
*,*****,*, *,* *,*#.# *,*
*,*, ******,* *,*#.# *,*
*,*, ,,,,,,,* #,*#.#
*,*****,*, ******** #.##@#
*,,,,,,,,, * #...h#
*******,*, * ####r# *,** #
###.# *,* # #.†.# *,* #
#.### *,** # #.# *,,,
##############.#######******
****
#.....................,,,,,*
*


You could see a jackal and a rat.

Vanquished Creatures
  A goblin (D:1)
  A hobgoblin (D:1)
  3 jackals (D:1)
  2 quokkas (D:1)
  2 frilled lizards (D:1)
  A kobold (D:1)
  2 rats (D:1)
12 creatures vanquished.

Notes
Turn   | Place    | Note
-------+----------+-------------------------------------------
     0 | D:1      | PrincessofGymnastics the Djinni Brigand began the quest for
                  | the Orb.
     0 | D:1      | Reached XP level 1. HP: 18/18 MP: 0/0
    40 | D:1      | Found a faded altar of an unknown god.
    55 | D:1      | Prayed at the altar of an unknown god.
    55 | D:1      | Became a worshipper of Ashenzari the Shackled
   221 | D:1      | Reached XP level 2. HP: 22/23 MP: 0/0
   306 | D:1      | Slain by a jackal

Illustrated notes

Levels and vault maps discovered:
D:1:      heliophobic_arrival_henge, layout_loops_ring,
          hellmonk_ecumenical_altar_crossroads, serial_shops,
          nicolae_shop_overgrown_old_shop, minmay_tetromino_o4

Action                   || total
-------------------------++-------
Melee: Dagger            ||    37
Throw: Dart              ||     4
Invok: Curse Item        ||     1
  Use: Scroll            ||     3
 Stab: Sleeping          ||     2
Armor: Robe              ||    19
Dodge: Dodged            ||    37
